 Dungeon Crawl Stone Soup version 0.29.1-2-gbd0b4ee654 (webtiles) character file.

Game seed: 9589347667226882668

129 styxcanada the Covert (level 4, -6/23 HPs)
             Began as a Spriggan Brigand on Oct 30, 2022.
             Mangled by a gnoll
             ... wielding a +0 spear
              (7 damage)
             ... on level 3 of the Dungeon.
             The game lasted 00:07:46 (1521 turns).

styxcanada the Covert (Spriggan Brigand)            Turns: 1521, Time: 00:07:47

Health: -6/23      AC:  3    Str:  7    XL:     4   Next: 88%
Magic:  5/5        EV: 18    Int: 12    God:
Gold:   77         SH:  0    Dex: 24    Spells: 3/3 levels left

rFire   + . .      SeeInvis +   a - +2 dagger
rCold   . . .      Faith    .   (no shield)
rNeg    . . .      Spirit   .   b - +0 robe
rPois   .          Reflect  .   (helmet restricted)
rElec   .          Harm     .   c - +0 cloak
rCorr   .          Rampage  .   (gloves unavailable)
Will    .....                   (boots unavailable)
Stlth   ++++......              (no amulet)
HPRegen 0.07/turn               r - +6 ring of dexterity
MPRegen 0.09/turn               g - ring of protection from fire

@: flying, very quick
A: very small, no large weapons, unfitting armour, see invisible, speed 3
a: no special abilities


You were on level 3 of the Dungeon.
You visited 1 branch of the dungeon, and saw 3 of its levels.

You collected 77 gold pieces.

Inventory:

Hand Weapons
 a - a +2 dagger (weapon)
Missiles
 d - 5 poisoned darts (quivered)
 e - 3 curare-tipped darts
Armour
 b - a +0 robe (worn)
 c - a +0 cloak (worn)
Magical Staves
 p - a staff of fire
Jewellery
 g - a ring of protection from fire (right hand)
 r - a +6 ring of dexterity (left hand)
 t - an amulet of guardian spirit
Wands
 q - a wand of mindburst (10)
Scrolls
 k - 2 scrolls of immolation {unknown}
 l - 2 scrolls of teleportation {unknown}
 m - 2 scrolls of noise {unknown}
 n - a scroll of vulnerability {unknown}
 o - a scroll of fear {unknown}
 s - a scroll of identify {unknown}
Potions
 h - a potion of cancellation {unknown}
 i - 4 potions of curing {unknown}
 j - a potion of berserk rage {unknown}
 u - a potion of might {unknown}


   Skills:
 * Level 2.0 Fighting
 + Level 2.6 Short Blades
 + Level 2.2 Throwing
 * Level 2.2 Dodging
 * Level 8.3 Stealth
 * Level 1.2 Evocations


You had 3 spell levels left.
You didn't know any spells.
Your spell library contained the following spells:

 Spells                   Type           Power      Damage    Failure   Level
 Slow                     Hex            0%         N/A       32%         1
 Confusing Touch          Hex            0%         N/A       69%         3
 Vampiric Draining        Necr           0%         2d6       69%         3


Dungeon Overview and Level Annotations

Branches:
Dungeon (3/15)

Altars:

Shops:
D:1 *


Innate Abilities, Weirdness & Mutations

You are very small and have problems with some larger weapons.
You are too small for most types of armour.
You have supernaturally acute eyesight. (SInv)
You cover ground extremely quickly. (Speed+++)


Message History

Press: ? - help, Q - select action, (/) - cycle Shift-Dir - straight line, f/p - giant cockroach
Aim: a giant cockroach (66% to hit)
You throw a poisoned dart.
The poisoned dart hits the giant cockroach.
The giant cockroach is poisoned.
A gnoll and a kobold come into view.
The kobold is wielding a +0 club and quivering poisoned darts.
You kill the giant cockroach!
The kobold shouts!
You see here a +0 quarterstaff.
You see here a +0 quarterstaff.
A gnoll comes into view. It is wielding a +0 club.
A gnoll comes into view. It is wielding a +0 spear.
The kobold throws a poisoned dart.
The poisoned dart completely misses you.
Throw: 6 darts (poison)
Press: ? - help, Q - select action, (/) - cycle Shift-Dir - straight line, f - kobold
Aim: a kobold, wielding a +0 club and quivering poisoned darts (60% to hit)
You throw a poisoned dart.
The poisoned dart barely misses the kobold.
The poisoned dart hits the gnoll.
The gnoll is poisoned.
The gnoll shouts!
The kobold throws a poisoned dart.
The poisoned dart misses you.
You see here a +0 quarterstaff.
The gnoll hits you from afar with a +0 spear! x2
The kobold hits you with a +0 club.
* * * LOW HITPOINT WARNING * * *
You barely miss the kobold. The kobold hits you with a +0 club.
* * * LOW HITPOINT WARNING * * *
The gnoll misses you. The gnoll barely misses you.
You hit the kobold.
The kobold is severely wounded.
The kobold misses you. The gnoll barely misses you.
The gnoll completely misses you.
Unknown command.
It was a potion of flight.
You feel very buoyant.
You fly up into the air.
The kobold closely misses you.
The gnoll hits you from afar with a +0 spear!
You die...

#. #.# #.# ###.#
##..###...#
#.........#
##.........#
(..........#
#.(........#########
##..(.†.....)@Kgg..#
.......<...####g....#
##.........# ..#..
#..........# .#
#........#.# #
######.#...# #.##...
..# #... .## ...


You could see 3 gnolls and a kobold.

Vanquished Creatures
  Terence (D:2)
  3 gnolls (D:2)
  4 adders (D:2)
  3 worms (D:2)
  3 bats
  An endoplasm (D:2)
  4 giant cockroaches
  3 goblins
  A hobgoblin (D:1)
  4 kobolds
  A quokka (D:1)
  4 ball pythons
  2 frilled lizards (D:2)
  2 rats (D:2)
36 creatures vanquished.

Notes
Turn   | Place    | Note
-------+----------+-------------------------------------------
     0 | D:1      | styxcanada the Spriggan Brigand began the quest for the
                  | Orb.
     0 | D:1      | Reached XP level 1. HP: 10/10 MP: 2/2
    31 | D:1      | Reached skill level 6 in Stealth
   185 | D:1      | Found a faded altar of an unknown god.
   320 | D:1      | Found Befew's Assorted Antiques.
   381 | D:1      | Reached XP level 2. HP: 14/14 MP: 3/3
   854 | D:2      | Reached skill level 7 in Stealth
   860 | D:2      | Reached XP level 3. HP: 18/18 MP: 4/4
  1076 | D:2      | Reached XP level 4. HP: 23/23 MP: 5/5
  1295 | D:2      | Reached skill level 8 in Stealth
  1295 | D:2      | Reached skill level 1 in Evocations
  1449 | D:2      | Noticed Terence
  1453 | D:2      | Killed Terence
  1519 | D:3      | HP: 1/23 [kobold/+0 club (4)]
  1521 | D:3      | Mangled by a gnoll

Illustrated notes

Levels and vault maps discovered:
D:1:      dpeg_arrival_long_road, layout_basic,
          shapermc_ecumenical_altar_starsandcircs, serial_shops, shop
D:2:      layout_rooms, chequers_serial_rivers_micro_e, uniq_terence
D:3:      layout_rooms, marbit_many_paths, trog_butcher_becter,
          lemuel_tele_altar, serial_shops, nicolae_shop_crystal,
          minmay_misc_feat_chi, corner_web_ring, minmay_misc_feat_nine_boxes,
          hangedman_feature_mirror, uniq_natasha, uniq_ijyb

Skill      XL: |  1  2  3  4 |
---------------+-------------+-----
Stealth        | 6 7 8 |  8.3
Dodging        | 2 |  2.2
Evocations     | 1 |  1.2
Fighting       | 2 |  2.0
Short Blades   | |  2.6
Throwing       | |  2.2

Action                   |  1- 3 |  4- 6 || total
-------------------------+-------+-------++-------
Melee: Dagger            |    63 |    20 ||    83
       Punch             |     2 |       ||     2
Throw: Dart              |     5 |    21 ||    26
  Use: Potion            |       |     1 ||     1
 Stab: Sleeping          |     8 |    10 ||    18
Armor: Robe              |    15 |     1 ||    16
Dodge: Dodged            |    32 |    13 ||    45
